 Dungeon Crawl Stone Soup version 0.32-a0-685-g93135e86f0 (webtiles) character file.

Game seed: 6493136260519234522

341 gimp the Trooper (level 6, -9/99 HPs)
             Began as an Oni Shapeshifter on Mar 12, 2024.
             Mangled by a hornet (12 damage)
             ... on level 4 of the Dungeon.
             The game lasted 00:05:34 (2520 turns).

gimp the Trooper (Oni Shapeshifter)                 Turns: 2520, Time: 00:05:34

Health: -9/99      AC: 23    Str: 19    XL:     6   Next: 56%
Magic:  6/6        EV:  1    Int: 11    God:
Gold:   192        SH:  0    Dex: 10    Spells: 5/5 levels left

rFire   . .          .
                       - Unarmed
rCold   . . .        (no shield)
rNeg    . . .        a - melded +0 animal skin
rPois   +            (helmet currently unavailable)
rElec   .            i - melded +0 cloak
rCorr   .            (gloves unavailable)
SInv    .            (boots unavailable)
Will    .....        (no amulet)
Stlth   +            (no ring)
HPRegen 0.36/turn    (no ring)
MPRegen 0.10/turn

%: no passive effects
@: mighty, brilliant, lethally poisoned (-9 -> -15), tree-form, slowed, very
slow
A: stationary, stasis, torment immunity, boosted hp, large, unfitting armour,
(horns 1), (tough skin 1), double potion healing, drunken brawling
a: no special abilities


You were on level 4 of the Dungeon.
You were a tree.
You visited 1 branch of the dungeon, and saw 4 of its levels.

You collected 192 gold pieces.

Inventory:

Armour
 a - a +0 animal skin (melded)
 i - a +0 cloak (melded)
Talismans
 c - a beast talisman (active)
 d - a flux talisman
Scrolls
 e - 4 scrolls of noise {unknown}
 f - 2 scrolls of identify {unknown}
 j - a scroll of fear {unknown}
 k - 2 scrolls of blinking {unknown}
 m - a scroll of fog {unknown}
 o - 2 scrolls of teleportation {unknown}
Potions
 g - 2 potions of brilliance
 h - a potion of curing {unknown}
 l - a potion of might
 p - a potion of experience {unknown}
 q - a potion of heal wounds {unknown}


   Skills:
 + Level 5.0 Fighting
 - Level 1.7 Dodging
 + Level 4.3 Unarmed Combat
 + Level 4.4 Shapeshifting


You had 5 spell levels left.
You didn't know any spells.
Your spell library contained the following spells:

 Spells                   Type           Power      Damage    Failure   Level
 Inner Flame              Hex/Fire       0%         N/A       71%         3
 Irradiate                Conj/Alch      0%         3d11      100%        5
 Summon Forest            Summ/Tloc      0%         N/A       100%        5
 Eringya's Noxious Bog    Alch           0%         4d6       100%        6
 Summon Hydra             Summ           0%         N/A       100%        7
 Ignition                 Fire           0%         3d3       100%        8


Dungeon Overview and Level Annotations

Branches:
Dungeon (4/15)
 Temple: D:4-7

Altars:
Dithmenos
Makhleb
Okawaru
Vehumet
Yredelemnul
The Shining One


Innate Abilities, Weirdness & Mutations

You are a tree.
Your roots penetrate the ground, keeping you stationary.
You cannot be teleported.
You are immune to unholy pain and torment.
Your maximum health is greatly increased.
Your equipment is partially melded.
You are too large for most types of armour.
((You have a pair of small horns on your head.))
((You have tough skin. (AC +1)))
You gain doubled healing and magic from potions.
Whenever you drink a healing potion, you attack all around you.


Message History

You hit the orc priest. You headbutt the orc priest.
The orc priest is almost dead.
The orc priest hits you with a +0 mace.
You take 2 damage, and have 57/63 hp.
You hit the orc priest.
You kill the orc priest!
No target in view!
Things that are here:
a +0 mace; an orc corpse HP restored.
A kobold comes into view. It is wielding a +0 whip.
Health restored: 63 The kobold shouts!
Found 11 gold pieces.
You barely miss the kobold.
You headbutt the kobold, but do no damage.
The kobold hits you but does no damage.
You miss the kobold. You headbutt the kobold.
You kill the kobold!
No target in view!
No target in view!
You now have 192 gold pieces (gained 11).
An ogre is nearby!
An ogre is nearby!
The ogre shouts!
You hear an angry buzzing noise.
Okay, then.
Unknown command.
You hit the ogre.
The ogre is moderately wounded.
The ogre closely misses you.
You hit the ogre.
The ogre is heavily wounded.
The ogre hits you with a +0 giant club!!
You take 25 damage, and have 38/63 hp.
MASSIVE DAMAGE!!
You closely miss the ogre.
The ogre is heavily wounded.
You punch the ogre! You headbutt the ogre.
You kill the ogre!
Your Fighting skill increases to level 5!
You regained 2 hp, and now have 41/66 hp.
No target in view!
The hornet buzzes angrily.
Health restored: 66 A hornet is nearby!
You hit the hornet but do no damage. Your headbutt misses the hornet.
The hornet stings you!
You feel yourself slow down. The hornet stings you!
You feel as though you will be slow longer.
You take 21 damage, and have 45/66 hp.
MASSIVE DAMAGE!!
You hit the hornet.
The hornet is lightly wounded.
The hornet stings you!
You are poisoned.
You feel as though you will be slow longer.
The hornet closely misses you.
You take 11 damage, and have 34/66 hp.
You hit the hornet.
The hornet is lightly wounded.
You feel very sick. The hornet stings you!
You are more poisoned.
You feel as though you will be slow longer.
The hornet stings you.
You are lethally poisoned!
You feel as though you will be slow longer.
You take 13 damage, and have 21/66 hp.
You are too injured to fight recklessly!
You are too injured to fight recklessly!
Your transformation has ended.
Your +0 cloak unmelds from your body.
You turn into a tree.
Your +0 cloak melds into your body.
Your +0 animal skin melds into your body.
Your roots penetrate the ground.
* * * LOW HITPOINT WARNING * * *
You feel extremely sick. The hornet stings you!
* * * LOW HITPOINT WARNING * * *
You feel as though you will be slow longer.
The hornet stings you but does no damage.
You now have 16/99 hp.
It was a potion of brilliance.
You feel clever all of a sudden.
* * * LOW HITPOINT WARNING * * *
You feel extremely sick.
The hornet stings you but does no damage. x2
You take 6 damage, and have 10/99 hp.
It was a potion of might.
You feel very mighty all of a sudden.
* * * LOW HITPOINT WARNING * * *
You feel very sick.
The hornet stings you but does no damage. x3
You take 5 damage, and have 5/99 hp.
You take a swig of the potion and flex your muscles.
You closely miss the hornet.
The hornet is lightly wounded.
It was a potion of magic.
Magic courses through your body.
* * * LOW HITPOINT WARNING * * *
You feel very sick.
The hornet stings you but does no damage.
The hornet stings you!
You die...

......#####.#..## #........#
............##..#####.##.#####
###........####...#...##)#
##........# ###...####.#
##.........# #...# #.#
.#.#######.# #...# #.#
.....#####.# ##...# #.#
##.#.)...#.#####....# #.#
#.#####......##♣...# #.# ...
##.........y...# #.# #.#.
#..........#...# #.# ..
#.#..........##..# #.# .#
................# #.# .
##......>........# #.# .
#...............# #.# .
..#..)..........# #.#
.##........>.....####.#####


You could see a hornet.

Vanquished Creatures
  An ice beast (D:3)
  An ogre (D:4)
  A hound (D:3)
  An orc priest (D:4)
  3 adders (D:3)
  A dart slug (D:1)
  4 ribbon worms (D:2)
  4 orcs
  9 ball pythons
  4 endoplasms
  2 giant cockroaches
  6 goblins
  7 hobgoblins
  2 jackals (D:1)
  7 kobolds
  3 quokkas
  8 bats
  5 frilled lizards
  6 rats
75 creatures vanquished.

Notes
Turn   | Place    | Note
-------+----------+-------------------------------------------
     0 | D:1      | gimp the Oni Shapeshifter began the quest for the Orb.
     0 | D:1      | Reached XP level 1. HP: 19/19 MP: 1/1
    35 | D:1      | Reached XP level 2. HP: 28/28 MP: 2/2
    62 | D:1      | Reached skill level 2 in Fighting
   589 | D:1      | Reached XP level 3. HP: 35/36 MP: 3/3
   925 | D:2      | Found a shadowy altar of Dithmenos.
  1267 | D:3      | Reached skill level 3 in Fighting
  1267 | D:3      | Reached XP level 4. HP: 34/45 MP: 4/4
  1426 | D:3      | Found an iron altar of Okawaru.
  1577 | D:3      | Found a burning altar of Makhleb.
  1706 | D:3      | Found a faded altar of an unknown god.
  1835 | D:3      | Found a basalt altar of Yredelemnul.
  1837 | D:3      | Found a radiant altar of Vehumet.
  1975 | D:4      | Noticed an ice beast
  2031 | D:4      | Noticed a hornet
  2064 | D:4      | Noticed an ogre
  2072 | D:3      | Killed an ice beast
  2073 | D:3      | Reached skill level 4 in Fighting
  2073 | D:3      | Reached XP level 5. HP: 55/55 MP: 5/5
  2140 | D:3      | Reached XP level 6. HP: 62/63 MP: 6/6
  2297 | D:4      | Found a glowing golden altar of the Shining One.
  2424 | D:4      | Reached skill level 5 in Fighting
  2520 | D:4      | HP: 3/99 [poisoned by a hornet]
  2520 | D:4      | Mangled by a hornet

Illustrated notes

Levels and vault maps discovered:
D:1:      nzn_arrival_water_spiral, layout_loops_ring, st_stairs_2
D:2:      layout_basic, basic_altar, serial_bayou_pond_a
D:3:      layout_rooms, grunt_temple_overflow_open,
          mainiacjoe_overflow_alcove_4, nicolae_ecumenical_snake_handling,
          serial_bayou_pond_c, nicolae_figureground_pulse
D:4:      layout_rooms, lemuel_crystal_altar

Skill      XL: |  1  2  3  4  5  6 |
---------------+-------------------+-----
Fighting       | 2 3 4 5 |  5.0
Unarmed Combat | 3 4 |  4.3
Shapeshifting  | 4 |  4.4
Dodging        | |  1.7

Action                     |  1- 3 |  4- 6 || total
---------------------------+-------+-------++-------
  Melee: Unarmed           |   121 |    98 ||   219
         Headbutt          |    12 |     9 ||    21
         Punch             |     1 |     3 ||     4
    Use: Potion            |       |     5 ||     5
 Armour: Animal skin       |    71 |    60 ||   131
         Skin              |       |    15 ||    15
  Dodge: Dodged            |    61 |    44 ||   105
         Form:             |     1 |       ||     1
         Beast             |     1 |       ||     1

Table legend: (Time is in decaauts)
 A = Elapsed time spent in this place.
 B = Non-inter-level travel time spent in this place.
 C = Inter-level travel time spent in this place.
 D = Time resting spent in this place.
 E = Time spent auto-exploring this place.
 F = Levels seen in this place.
 G = Mean time per level.
                   A        B        C        D        E       F      G
               +--------+--------+--------+--------+--------+-----+--------+
         Total |   2512 |   2367 |    145 |     57 |   1742 |   4 |  628.0 |
       Dungeon |   2512 |   2367 |    145 |     57 |   1742 |   4 |  628.0 |
               +--------+--------+--------+--------+--------+-----+--------+

Top non-repeatable levels by time:
     D:3: 917 daAuts
     D:1: 664 daAuts
     D:2: 556 daAuts
     D:4: 373 daAuts
